Map: Lightshade LE

Players

ShaDoWn

  • Race: Protoss Protoss
  • Spawn Location: 11:00

Reynor - Winner!

  • Race: Zerg Zerg
  • League: Master
  • Spawn Location: 5:00

Event: DreamHack SC2 Masters 2020 Winter

VOD

Have the link to the VOD?

Description

Time

  • Played on: Oct. 22, 2020, 1:39 p.m.
  • Length: 6:57

All games in this series

Show
View Real Time Build Order
Export as new Build Order

ShaDoWn Protoss 

Build Orders:  

Get SALT Encoding   

  12  0:00  Probe  
  13  0:12  Probe  
  14  0:20  Pylon  
  14  0:24  Probe  
  15  0:38  Probe (Chrono Boost)  
  15  0:39  Gateway  
  16  0:47  Probe (Chrono Boost)  
  17  0:51  Assimilator  
  17  0:52  Probe  
  18  1:04  Probe  
  18  1:10  Gateway  
  19  1:18  Pylon  
  20  1:24  Zealot (Chrono Boost)  
  19  1:29  Cybernetics Core  
  21  1:33  Probe  
  22  1:43  Zealot  
  22  1:45  Probe  
  25  1:49  Pylon  
  25  1:57  Probe  
  26  2:05  Adept (Chrono Boost)  
  28  2:09  Pylon  
  28  2:10  Assimilator  
  30  2:16  Probe  
  30  2:20  Adept (Chrono Boost)  
  31  2:33  Probe  
  32  2:49  Adept  
  34  2:58  Probe  
  35  3:11  Gateway, Probe  
  36  3:17  Pylon  
  32  3:23  Probe  
  33  3:27  Adept (Chrono Boost)  
  35  3:35  Probe  
  35  3:36  Shield Battery  
  35  3:39  Stargate  
  32  3:56  Adept  
  32  3:59  Pylon  
  33  4:04  Probe  
  34  4:11  Zealot  
  36  4:19  Cybernetics Core, Gateway  
  36  4:25  Probe  
  31  4:31  Adept  
  32  4:41  Oracle (Chrono Boost)  
  35  4:46  Probe  
  34  5:02  Gateway  
  38  5:09  Void Ray (Chrono Boost)  
  32  5:20  Pylon  
  36  5:30  Pylon  
  36  5:32  Pylon  
  34  5:38  Pylon  
  34  5:40  Void Ray (Chrono Boost)  
  34  5:41  Pylon  
  38  5:50  Shield Battery  
  38  5:51  Zealot  
  40  5:58  Shield Battery  
  40  6:12  Void Ray  
  44  6:35  Twilight Council  
  44  6:39  Probe  
Show
View Real Time Build Order
Export as new Build Order

Reynor Zerg - Winner!

Build Orders: Pool First 

Get SALT Encoding   

  12  0:00  Drone  
  13  0:09  Drone  
  14  0:24  Spawning Pool  
  13  0:29  Drone  
  14  0:57  Hatchery  
  14  0:58  Drone  
  14  1:06  Extractor  
  14  1:08  Extractor  
  12  1:11  Zergling x4  
  12  1:15  Overlord  
  16  1:34  Zergling x4  
  18  1:44  Drone  
  19  1:54  Zergling x2  
  20  2:05  Overlord  
  20  2:10  Queen, Zergling x2  
  23  2:17  Hatchery  
  23  2:20  Zergling x2  
  23  2:24  Drone  
  24  2:31  Zergling x2  
  25  2:41  Drone x2  
  26  2:46  Zergling x2  
  26  2:50  Queen  
  26  2:55  Zergling x2  
  25  2:59  Zergling x2  
  25  3:00  Drone  
  27  3:06  Zergling x2  
  27  3:18  Zergling x2  
  27  3:21  Queen  
  27  3:26  Queen, Zergling x2  
  28  3:34  Drone x2  
  28  3:37  Zergling x2  
  29  3:45  Drone x2  
  29  3:47  Drone x2  
  32  3:50  Zergling x2  
  33  3:58  Drone x2  
  35  4:03  Zergling x2  
  35  4:10  Drone x2  
  35  4:13  Zergling x2  
  35  4:15  Queen  
  40  4:17  Drone  
  40  4:23  Overlord  
  41  4:24  Drone  
  41  4:28  Zergling x2  
  40  4:31  Drone  
  40  4:35  Drone  
  40  4:36  Drone  
  40  4:38  Extractor, Overlord  
  41  4:41  Zergling x2  
  41  4:42  Zergling x2  
  41  4:45  Queen  
  44  4:51  Zergling x2  
  44  4:53  Queen  
  46  5:00  Drone x4  
  46  5:04  Zergling x2  
  51  5:10  Drone x2  
  51  5:12  Spore Crawler  
  52  5:16  Zergling x2  
  52  5:19  Overlord  
  52  5:20  Drone  
  54  5:28  Zergling x2  
  54  5:29  Queen  
  54  5:32  Hatchery  
  56  5:36  Drone  
  56  5:38  Drone x3  
  60  5:43  Spore Crawler  
  59  5:51  Drone x5  
  59  5:55  Evolution Chamber, Extractor  
  59  5:56  Zergling x4  
  64  6:03  Zergling x2  
  65  6:09  Overlord  
  65  6:11  Extractor  
  65  6:16  Overlord  
  65  6:18  Zergling x2  
  65  6:24  Drone  
  66  6:28  Drone x2  
  66  6:29  Drone x4  
  73  6:33  Overlord  
Tags
 
Add a new tag
Caveats
  • Supply blocks, unpowered buildings, or Contaminate may cause inaccurate times.
  • Supply counts are checked every 10 seconds.